 Dungeon Crawl Stone Soup version 0.29-a0-284-gf9362112df (webtiles) character file.

Game seed: 7739902809988008739

37 being54 the Skirmisher (level 3, -1/24 HPs)
             Began as a Gargoyle Fighter on Mar 23, 2022.
             Slain by a goblin
             ... wielding a +0 dagger
             ... led by Robin
              (3 damage)
             ... on level 2 of the Dungeon.
             The game lasted 00:01:30 (999 turns).

being54 the Skirmisher (Gargoyle Fighter)            Turns: 999, Time: 00:01:30

Health: -1/24      AC: 10    Str: 21    XL:     3   Next: 39%
Magic:  3/3        EV:  9    Int:  8    God:
Gold:   108        SH:  4    Dex:  9    Spells: 2/2 levels left

rFire   . . .      SeeInvis .   a - +0 flail (flame)
rCold   . . .      Faith    .   c - +0 buckler
rNeg    + + +      Spirit   .   b - +0 scale mail
rPois   ∞          Reflect  .   (no helmet)
rElec   +          Harm     .   (no cloak)
rCorr   .          Rampage  .   (no gloves)
Will    .....                   (no boots)
Stlth   ..........              (no amulet)
HPRegen 0.08/turn               e - ring of positive energy
MPRegen 0.08/turn               h - ring of positive energy

@: mighty
A: sickness immunity, AC +3, negative energy resistance 1, electricity
resistance, torment resistance 1, petrification resistance
a: no special abilities


You were on level 2 of the Dungeon.
You visited 1 branch of the dungeon, and saw 2 of its levels.

You collected 108 gold pieces.

Inventory:

Hand Weapons
 a - a +0 flail of flaming (weapon)
Armour
 b - a +0 scale mail (worn)
 c - a +0 buckler (worn)
Jewellery
 e - a ring of positive energy (left hand)
 h - a ring of positive energy (right hand)
Potions
 f - a potion of haste {unknown}
 g - a potion of mutation {unknown}
 i - a potion of curing {unknown}


   Skills:
 + Level 3.8 Fighting
 * Level 3.2 Maces & Flails
 - Level 3.3 Armour
 - Level 3.3 Shields


You had 2 spell levels left.
You didn't know any spells.
Your spell library was empty.

Dungeon Overview and Level Annotations

Branches:
Dungeon (2/15)

Altars:

Annotations:
D:2 Robin


Innate Abilities, Weirdness & Mutations

You are immune to sickness and miasma.
Your stone body is resilient. (AC +3)
You are immune to poison.
You resist negative energy. (rN+)
You are resistant to electric shocks. (rElec)
You are resistant to unholy torment.
You are immune to petrification.


Message History

A goblin comes into view. It is wielding a +0 club.
You block the goblin's attack.
You completely miss the goblin. You block the goblin's attack.
You miss the goblin. The goblin completely misses you.
The goblin hits you but does no damage.
You sock the goblin! You burn the goblin.
You kill the goblin!
You hit the goblin. You burn the goblin.
The goblin is heavily wounded.
You block the goblin's attack.
You sock the goblin! You burn the goblin.
You kill the goblin!
You closely miss the hobgoblin. The hobgoblin hits you.
* * * LOW HITPOINT WARNING * * *
The hobgoblin barely misses you.
You barely miss the hobgoblin.
The hobgoblin hits you but does no damage.
You hit the hobgoblin. You burn the hobgoblin.
The hobgoblin is heavily wounded.
The hobgoblin barely misses you.
You closely miss the hobgoblin.
The hobgoblin is heavily wounded.
The hobgoblin hits you.
* * * LOW HITPOINT WARNING * * *
The hobgoblin barely misses you.
You hit the hobgoblin but do no damage.
The hobgoblin is heavily wounded.
The hobgoblin closely misses you.
You sock the hobgoblin! You burn the hobgoblin.
You kill the hobgoblin!
You hit the hobgoblin. You burn the hobgoblin.
You kill the hobgoblin!
You feel very mighty all of a sudden. The goblin hits you but does no damage.
You closely miss the goblin. The goblin hits you with a +0 dagger.
* * * LOW HITPOINT WARNING * * *
The goblin hits you but does no damage.
You barely miss the goblin. The goblin hits you but does no damage.
You closely miss the goblin. The goblin hits you with a +0 dagger.
You die...

g. ... ## #.# .####..# #
.....# # ##########g.# #
.......@ggg)# #
.########g..############
###............#.
#...#..#######...
#.####....######. #.
####........ ..
#######.. ..# #.# .##
#.#


You could see 2 hobgoblins and 3 goblins.

Vanquished Creatures
  A dart slug (D:1)
  2 endoplasms (D:1)
  2 giant cockroaches (D:1)
  7 goblins
  5 hobgoblins
  A quokka (D:1)
  5 ball pythons
  2 bats (D:1)
  A frilled lizard (D:1)
  2 kobolds
  A rat (D:1)
29 creatures vanquished.

Vanquished Creatures (collateral kills)
  A hobgoblin (D:1)
1 creature vanquished.

Grand Total: 30 creatures vanquished

Notes
Turn   | Place    | Note
-------+----------+-------------------------------------------
     0 | D:1      | being54 the Gargoyle Fighter began the quest for the Orb.
     0 | D:1      | Reached XP level 1. HP: 14/14 MP: 1/1
   163 | D:1      | Reached XP level 2. HP: 18/19 MP: 2/2
   185 | D:1      | Found a faded altar of an unknown god.
   589 | D:1      | Reached XP level 3. HP: 23/24 MP: 3/3
   976 | D:2      | Noticed Robin
   997 | D:2      | HP: 1/24 [goblin/+0 dagger[Robin] (1)]
   999 | D:2      | Slain by a goblin

Illustrated notes

Levels and vault maps discovered:
D:1:      psy_arrival_basics, layout_basic, ebering_ecumenical_altar_abandoned,
          minmay_tree_intersection
D:2:      layout_rooms, uniq_robin

Skill      XL: |  1  2  3 |
---------------+----------+-----
Maces & Flails | 3 |  3.2
Fighting       | |  3.8
Armour         | |  3.3
Shields        | |  3.3

Action                   || total
-------------------------++-------
Melee: Flail             ||    73
  Use: Scroll            ||     5
       Potion            ||     1
Armor: Scale mail        ||    38
Dodge: Dodged            ||    25
Block: Buckler           ||    13

Table legend: (Time is in decaauts)
 A = Elapsed time spent in this place.
 B = Non-inter-level travel time spent in this place.
 C = Inter-level travel time spent in this place.
 D = Time resting spent in this place.
 E = Time spent auto-exploring this place.
 F = Levels seen in this place.
 G = Mean time per level.
                   A        B        C        D        E       F      G
               +--------+--------+--------+--------+--------+-----+--------+
         Total |   1020 |    997 |     23 |    185 |    648 |   2 |  510.0 |
       Dungeon |   1020 |    997 |     23 |    185 |    648 |   2 |  510.0 |
               +--------+--------+--------+--------+--------+-----+--------+

Top non-repeatable levels by time:
     D:1: 952 daAuts
     D:2: 67 daAuts
